[Event "ICC tourney 2556 (25 5)"]
[Site "Internet Chess Club"]
[Date "2021.05.08"]
[Round "4"]
[White "GOLSEFIDY, SEPEHR:K05-16686975"]
[Black "KONSTANTAKOS, CHRISTOS:K05-17130487"]
[Result "1-0"]
[ICCResult "Black resigns"]
[WhiteElo "1882"]
[BlackElo "1447"]
[Opening "two knights: Max Lange attack, Steinitz variation"]
[ECO "C55"]
[NIC "KP.02"]
[Time "17:33:52"]
[PlyCount "35"]
[TimeControl "1500+5"]

1. e4 e5 2. Nf3 Nc6 3. Bc4 Nf6 4. d4 exd4 5. O-O Bc5 6. e5 Ng4 7. h3 Nh6 8.
Bxh6 gxh6 9. Re1 Qe7 10. c3 dxc3 11. Nxc3 O-O 12. Nd5 Qd8 13. Nf6+ Kh8 14.
Qd3 Qxf6 15. exf6 Nb4 16. Qd2 d5 17. Qxh6 Rg8 18. Re8 { Black resigns } 1-0

[Event "ICC tourney 2556 (25 5)"]
[Site "Internet Chess Club"]
[Date "2021.05.08"]
[Round "4"]
[White "RAMAN, ARJUN:K05-16786670"]
[Black "RAU, AKAASH:K05-16538222"]
[Result "1-0"]
[ICCResult "Black checkmated"]
[WhiteElo "1310"]
[BlackElo "912"]
[Opening "Scandinavian (center counter) defense"]
[ECO "B01"]
[NIC "SD.02"]
[Time "17:32:50"]
[PlyCount "57"]
[TimeControl "1500+5"]

1. e4 d5 2. exd5 Qxd5 3. Nc3 Qd8 4. d4 Nf6 5. Nf3 Bg4 6. Be2 e6 7. h3 Bxf3
8. Bxf3 c6 9. O-O Nbd7 10. Re1 Be7 11. Bf4 Nd5 12. Nxd5 cxd5 13. Bxd5 Qb6
14. Bb3 Nf6 15. d5 Rd8 16. c4 Qc5 17. Qf3 exd5 18. cxd5 Nxd5 19. Re5 O-O
20. Bxd5 Bf6 21. Bxf7+ Rxf7 22. Rxc5 Bd4 23. Rc7 Rf6 24. Qb3+ Kh8 25. Bg3
Rb6 26. Qf7 Bf6 27. Bh4 Be5 28. Bxd8 Bxc7 29. Qf8# { Black checkmated } 1-0

[Event "ICC tourney 2556 (25 5)"]
[Site "Internet Chess Club"]
[Date "2021.05.08"]
[Round "4"]
[White "GRESHAM, JOB:K05-16440438"]
[Black "CHAN MAK, OLIVER:K05-16502861"]
[Result "1-0"]
[ICCResult "Black checkmated"]
[WhiteElo "954"]
[BlackElo "569"]
[Opening "Scotch opening"]
[ECO "C44"]
[NIC "KP.10"]
[Time "17:31:57"]
[PlyCount "97"]
[TimeControl "1500+5"]

1. e4 e5 2. Nf3 Nc6 3. d4 d6 4. dxe5 Be6 5. Nc3 Nxe5 6. Nxe5 dxe5 7. Bd3
Bb4 8. Bd2 Nf6 9. a3 Bxc3 10. Bxc3 Qd6 11. O-O O-O-O 12. b4 h6 13. a4 g5
14. a5 a6 15. b5 axb5 16. Bxb5 Qc5 17. Qf3 Nh7 18. Ba4 Bc4 19. Rfd1 Be2 20.
Qf5+ Kb8 21. Rxd8+ Rxd8 22. Qxe5 Qc4 23. h3 Rd1+ 24. Rxd1 Bxd1 25. Qh8+ Ka7
26. Bd4+ b6 27. axb6+ cxb6 28. Qxh7 Qxd4 29. Qxf7+ Ka6 30. Qa2 Ka7 31. Bc6+
Kb8 32. Qa8+ Kc7 33. Qb7+ Kd6 34. Qd7+ Kc5 35. Qe6 Bxc2 36. Qxh6 Bxe4 37.
Bxe4 Qxe4 38. Qxg5+ Kc6 39. Qc1+ Kb7 40. Qe3 Qb1+ 41. Kh2 b5 42. h4 b4 43.
h5 b3 44. h6 b2 45. Qe7+ Kb6 46. h7 Qf5 47. h8=Q b1=Q 48. Qb8+ Kc6 49.
Qed6# { Black checkmated } 1-0

[Event "ICC tourney 2556 (25 5)"]
[Site "Internet Chess Club"]
[Date "2021.05.08"]
[Round "4"]
[White "YANG, ALEXANDER:K05-16917728"]
[Black "KIRILOV SAKALIYSKI, CHRISTOPHER:K05-16115040"]
[Result "1-0"]
[ICCResult "Black checkmated"]
[WhiteElo "1834"]
[BlackElo "1446"]
[Opening "Modern defense: Averbakh system, Kotov variation"]
[ECO "A42"]
[NIC "KF.03"]
[Time "17:33:12"]
[PlyCount "49"]
[TimeControl "1500+5"]

1. d4 d6 2. c4 g6 3. Nc3 Bg7 4. e4 Nc6 5. Be3 e5 6. d5 Nd4 7. Nge2 c5 8.
dxc6 Nxc6 9. Nb5 Bf8 10. Nec3 a6 11. Nd5 axb5 12. Bb6 Qh4 13. Nc7+ Kd7 14.
Nxa8 Qxe4+ 15. Be2 bxc4 16. O-O Nd4 17. Bxc4 d5 18. Re1 Nf3+ 19. Qxf3 Qxc4
20. Qxf7+ Ne7 21. Rxe5 Qc2 22. Rxd5+ Kc6 23. Rad1 Bf5 24. Qf6+ Be6 25.
Qxe6# { Black checkmated } 1-0

[Event "ICC tourney 2556 (25 5)"]
[Site "Internet Chess Club"]
[Date "2021.05.08"]
[Round "4"]
[White "L HUANG, ABIGAIL:K05-16809062"]
[Black "BHEEMANATHINI, HARSHA:K05-16974817"]
[Result "1-0"]
[ICCResult "Black checkmated"]
[WhiteElo "135"]
[BlackElo "769"]
[Opening "Scotch: Steinitz variation"]
[ECO "C45"]
[NIC "SO.04"]
[Time "17:33:17"]
[PlyCount "115"]
[TimeControl "1500+5"]

1. e4 e5 2. Nf3 Nc6 3. d4 exd4 4. Nxd4 Qh4 5. Nc3 Bb4 6. Bd2 Bxc3 7. Bxc3
Qxe4+ 8. Qe2 Qxe2+ 9. Bxe2 Nf6 10. Nxc6 dxc6 11. O-O O-O 12. Bxf6 gxf6 13.
Rad1 Bf5 14. c3 Rae8 15. Bf3 Re7 16. Rfe1 Rfe8 17. Rxe7 Rxe7 18. Rd8+ Kg7
19. h3 Re1+ 20. Kh2 Ra1 21. Rb8 Rxa2 22. Rxb7 c5 23. Bd5 Ra6 24. Rxc7 Rd6
25. Bxf7 Bg6 26. Bxg6+ Kxg6 27. Rxa7 Rd2 28. Ra5 Rxf2 29. Rxc5 Rxb2 30. c4
f5 31. Rc6+ Kg5 32. c5 f4 33. Kh1 Rb1+ 34. Kh2 Rb2 35. Kh1 Rb1+ 36. Kh2 Rb2
37. Kg1 Rb3 38. Rc8 Rg3 39. c6 f3 40. Rg8+ Kf4 41. Rxg3 Kxg3 42. gxf3 Kxf3
43. Kh2 h5 44. c7 h4 45. c8=Q Kf2 46. Qc2+ Kf3 47. Qh7 Kf2 48. Qxh4+ Kf3
49. Qf6+ Ke4 50. h4 Ke3 51. h5 Ke4 52. h6 Ke3 53. h7 Ke4 54. h8=Q Ke3 55.
Qe8+ Kd3 56. Qa6+ Kd4 57. Qea4+ Kc5 58. Q4c4# { Black checkmated } 1-0

[Event "ICC tourney 2556 (25 5)"]
[Site "Internet Chess Club"]
[Date "2021.05.08"]
[Round "4"]
[White "LIN, LEIA:K05-17110828"]
[Black "REDDY NALAMALPU, ASHIKA:K05-16684895"]
[Result "1-0"]
[ICCResult "Black checkmated"]
[WhiteElo "1256"]
[BlackElo "885"]
[Opening "Sicilian: Najdorf, Byrne (English) attack"]
[ECO "B90"]
[NIC "SI.14"]
[Time "17:32:44"]
[PlyCount "83"]
[TimeControl "1500+5"]

1. e4 c5 2. Nf3 d6 3. d4 cxd4 4. Nxd4 Nf6 5. Nc3 a6 6. Be3 e5 7. Nb3 Be7 8.
Be2 Nc6 9. O-O O-O 10. a3 a5 11. a4 Be6 12. Qd2 Kh8 13. h3 Qd7 14. Bf3 Bxh3
15. gxh3 Qxh3 16. Bg2 Qh5 17. Qe2 Ng4 18. Rfd1 Qh2+ 19. Kf1 f5 20. exf5
Rxf5 21. Qxg4 Raf8 22. Qh3 Qxh3 23. Bxh3 R5f6 24. Rd2 Rg6 25. Ke2 h5 26.
Nd5 Bg5 27. Bxg5 Rxg5 28. Rh1 Nd4+ 29. Nxd4 exd4 30. Rxd4 Re5+ 31. Ne3 Rfe8
32. Rxd6 R8e7 33. Bg4 Kg8 34. Rxh5 Re4 35. Bf5 R4e5 36. Bg6 Rxh5 37. Bxh5
Kh7 38. Bg6+ Kh6 39. Kf3 Kg5 40. Kg3 Kh6 41. Ng4+ Kg5 42. f4# { Black
checkmated } 1-0

[Event "ICC tourney 2556 (25 5)"]
[Site "Internet Chess Club"]
[Date "2021.05.08"]
[Round "4"]
[White "JAVERI, ARHAN:K05-16378223"]
[Black "ZIEGLER, NATE:K05-15967852"]
[Result "0-1"]
[ICCResult "White checkmated"]
[WhiteElo "1495"]
[BlackElo "1866"]
[Opening "Queen's bishop game"]
[ECO "D00"]
[NIC "QP.08"]
[Time "17:32:25"]
[PlyCount "66"]
[TimeControl "1500+5"]

1. d4 d5 2. Bf4 Nf6 3. Nf3 e6 4. e3 c5 5. c3 Qb6 6. Qc2 Nc6 7. Nbd2 Nh5 8.
Bg3 Nxg3 9. hxg3 g6 10. Ng5 h6 11. Ngf3 Bg7 12. Nb3 cxd4 13. exd4 O-O 14.
Bd3 Qc7 15. Kd2 Bd7 16. Raf1 Na5 17. Nxa5 Qxa5 18. Nh4 Rac8 19. g4 Bxd4 20.
Nxg6 fxg6 21. Bxg6 Bg7 22. g5 d4 23. gxh6 Qg5+ 24. f4 Qxg2+ 25. Kd1 Qxc2+
26. Kxc2 Bf6 27. Rhg1 Kh8 28. h7 dxc3 29. bxc3 Rxc3+ 30. Kd2 Bb5 31. Rb1
Rd8+ 32. Ke1 Bh4+ 33. Rg3 Bxg3# { White checkmated } 0-1

[Event "ICC tourney 2556 (25 5)"]
[Site "Internet Chess Club"]
[Date "2021.05.08"]
[Round "4"]
[White "BALAMURUGAN, ABHIJAY:K05-16913354"]
[Black "KESIREDDY, SAIKARUNYA:K05-16974321"]
[Result "0-1"]
[ICCResult "White checkmated"]
[WhiteElo "1242"]
[BlackElo "880"]
[Opening "Sicilian defense"]
[ECO "B40"]
[NIC "SI.43"]
[Time "17:32:03"]
[PlyCount "130"]
[TimeControl "1500+5"]

1. e4 c5 2. Nf3 e6 3. Bc4 d5 4. exd5 exd5 5. Bb5+ Nc6 6. O-O Be7 7. Re1 Nf6
8. d4 O-O 9. dxc5 Bxc5 10. Nc3 Be6 11. Bg5 h6 12. Bxf6 Qxf6 13. Nxd5 Qxb2
14. Bxc6 bxc6 15. Nf4 Qb6 16. Qe2 Rfe8 17. Rab1 Qc7 18. Nxe6 Rxe6 19. Qc4
Qe7 20. Rxe6 fxe6 21. Ne5 Rc8 22. Re1 Qd6 23. Nd3 Bb6 24. Rxe6 Qd5 25. Qxd5
cxd5 26. Re2 Rc3 27. g3 Ra3 28. Nb4 d4 29. Re8+ Kf7 30. Rb8 Ra4 31. Rb7+
Kg8 32. Nd5 Rxa2 33. Nxb6 axb6 34. Rxb6 Rxc2 35. Rd6 Rc4 36. Kf1 Kf7 37.
Ke2 Ke7 38. Rd5 Ke6 39. Rd8 Rc2+ 40. Kd3 Rxf2 41. Rxd4 Rxh2 42. Rg4 Kf6 43.
Ke4 Ra2 44. Rf4+ Kg5 45. Kf3 Ra5 46. Rg4+ Kf6 47. Rf4+ Rf5 48. Rxf5+ Kxf5
49. g4+ Kg5 50. Kg3 g6 51. Kh3 Kf4 52. Kh4 g5+ 53. Kh3 Kf3 54. Kh2 Kxg4 55.
Kg2 h5 56. Kh2 h4 57. Kg2 h3+ 58. Kh2 Kf3 59. Kh1 g4 60. Kh2 Kf2 61. Kh1 h2
62. Kxh2 g3+ 63. Kh1 g2+ 64. Kh2 g1=Q+ 65. Kh3 Qg3# { White checkmated }
0-1

[Event "ICC tourney 2556 (25 5)"]
[Site "Internet Chess Club"]
[Date "2021.05.08"]
[Round "4"]
[White "SAMPATHKUMAR, GURU:K05-16282718"]
[Black "BHOOMA, DHIVIJ:K05-16188670"]
[Result "1-0"]
[ICCResult "Black checkmated"]
[WhiteElo "1141"]
[BlackElo "743"]
[Opening "French: King's Indian attack"]
[ECO "C00"]
[NIC "FR.02"]
[Time "17:34:27"]
[PlyCount "135"]
[TimeControl "1500+5"]

1. e4 e6 2. d3 Ne7 3. Nf3 g6 4. g3 Bg7 5. Bg2 O-O 6. O-O d5 7. Nbd2 dxe4 8.
Nxe4 Nbc6 9. c3 Ne5 10. Nxe5 Bxe5 11. f4 Bg7 12. Be3 c6 13. d4 Nf5 14. Qf3
Nxe3 15. Qxe3 Qe7 16. Rae1 b5 17. Nc5 b4 18. Bxc6 Rb8 19. Rb1 Qd8 20. Qf3
bxc3 21. bxc3 Rxb1 22. Rxb1 Qa5 23. a4 Rd8 24. Rb5 Qc7 25. Qe4 a6 26. Rb4
Bf8 27. h4 Bxc5 28. dxc5 Bd7 29. Bxd7 Qxd7 30. Rd4 Qc7 31. Rxd8+ Qxd8 32.
Qd4 Qc7 33. Qb4 a5 34. Qb6 Qd7 35. Qxa5 Kf8 36. Qa8+ Qe8 37. Qxe8+ Kxe8 38.
Kf2 Kd7 39. Ke3 Kc6 40. Kd4 f6 41. a5 Kb5 42. g4 Kxa5 43. Kc4 Ka6 44. Kb4
Kb7 45. Kb5 Kc7 46. c6 e5 47. fxe5 fxe5 48. Kc5 e4 49. Kd4 e3 50. Kxe3 Kxc6
51. Kf4 Kc5 52. Kg5 Kc4 53. Kh6 Kxc3 54. Kxh7 Kd4 55. Kxg6 Ke4 56. h5 Kf4
57. h6 Kxg4 58. h7 Kf4 59. h8=Q Kg4 60. Qd4+ Kf3 61. Qd3+ Kf2 62. Kf5 Kg2
63. Qe3 Kh2 64. Qf3 Kg1 65. Qe2 Kh1 66. Kg4 Kg1 67. Kg3 Kh1 68. Qf1# {
Black checkmated } 1-0

[Event "ICC tourney 2556 (25 5)"]
[Site "Internet Chess Club"]
[Date "2021.05.08"]
[Round "4"]
[White "RAJEEV, AMEYA:K05-16305755"]
[Black "LU, YIDING:K05-16857692"]
[Result "0-1"]
[ICCResult "White checkmated"]
[WhiteElo "1393"]
[BlackElo "1733"]
[Opening "Sicilian: Najdorf"]
[ECO "B90"]
[NIC "SI.14"]
[Time "17:31:44"]
[PlyCount "84"]
[TimeControl "1500+5"]

1. e4 c5 2. Nf3 d6 3. d4 cxd4 4. Nxd4 Nf6 5. Nc3 a6 6. a4 e6 7. Bc4 Be7 8.
O-O Qc7 9. Bb3 b6 10. h3 Bb7 11. Re1 Nbd7 12. Qd3 Nc5 13. Qf3 O-O 14. Bd2
Nxb3 15. cxb3 d5 16. Rac1 Qe5 17. Qd3 dxe4 18. Qe3 Bc5 19. Nce2 Nd5 20. Qg5
Bxd4 21. Nxd4 Qxd4 22. Rc4 Qf6 23. Qg3 Qxb2 24. Rcxe4 Qxd2 25. R4e2 Qf4 26.
Qd3 Nb4 27. Qc3 Rac8 28. Qb2 Nd3 29. Qb1 Nxe1 30. Rxe1 Qf5 31. Qb2 Qf6 32.
Qe2 Qg6 33. f3 Rc2 34. Qf1 Rd8 35. g4 Rdd2 36. Rd1 Rxd1 37. Qxd1 h6 38.
Qd8+ Kh7 39. Qxb6 Bxf3 40. Qe3 Rg2+ 41. Kh1 Qb1+ 42. Qe1 Qxe1# { White
checkmated } 0-1

[Event "ICC tourney 2556 (25 5)"]
[Site "Internet Chess Club"]
[Date "2021.05.08"]
[Round "4"]
[White "THIMMASAMUDRAM, SANDEEP:K05-16278356"]
[Black "METZMAKER, SUYA:K05-16458411"]
[Result "0-1"]
[ICCResult "White checkmated"]
[WhiteElo "1199"]
[BlackElo "1618"]
[Opening "Giuoco Pianissimo: Canal variation"]
[ECO "C50"]
[NIC "IG.02"]
[Time "17:32:55"]
[PlyCount "108"]
[TimeControl "1500+5"]

1. e4 e5 2. Nf3 Nc6 3. Bc4 Bc5 4. Nc3 Nf6 5. d3 d6 6. Bg5 Bb4 7. h3 Nd4 8.
O-O Nxf3+ 9. Qxf3 Bxc3 10. bxc3 Be6 11. Bb3 O-O 12. d4 h6 13. dxe5 hxg5 14.
exf6 Qxf6 15. Qg3 Rfe8 16. f4 Bxb3 17. axb3 Rxe4 18. fxg5 Qe5 19. Qf3 Qe7
20. Rad1 Rb8 21. Rd5 Re3 22. Qf4 Rf8 23. Rf5 Rxc3 24. Kh1 g6 25. Rf6 Rxc2
26. Qh4 d5 27. Qh6 Qe4 28. Rg1 Rb2 29. Rf3 Rb1 30. Rxb1 Qxb1+ 31. Kh2 Re8
32. Rf4 Re1 33. Rf3 Rh1+ 34. Kg3 Qe1+ 35. Kg4 Qe6+ 36. Kg3 Re1 37. Qh4 Qe4
38. Rf4 Re3+ 39. Kh2 Qe5 40. Qf2 Re4 41. Kg3 Qxg5+ 42. Rg4 Rxg4+ 43. hxg4
Qe5+ 44. Kh3 Qc3+ 45. Kh2 Qxb3 46. Qe2 d4 47. Qe7 d3 48. g3 Qc2+ 49. Kh3 d2
50. Qd8+ Kg7 51. Qd4+ Kh7 52. Qf2 f5 53. Qe3 Qe4 54. Qb3 Qh1# { White
checkmated } 0-1

[Event "ICC tourney 2556 (25 5)"]
[Site "Internet Chess Club"]
[Date "2021.05.08"]
[Round "4"]
[White "RAO, SUNAY:K05-16538751"]
[Black "KUO, DECLAN:K05-16624125"]
[Result "0-1"]
[ICCResult "White checkmated"]
[WhiteElo "480"]
[BlackElo "852"]
[Opening "Giuoco Piano: four knights variation"]
[ECO "C47"]
[NIC "KP.06"]
[Time "17:34:16"]
[PlyCount "58"]
[TimeControl "1500+5"]

1. e4 e5 2. Nf3 Nc6 3. Nc3 Nf6 4. Bc4 Bc5 5. O-O O-O 6. Nxe5 Nxe5 7. d4
Nxc4 8. dxc5 Qe7 9. Re1 Qxc5 10. Qf3 d6 11. h3 Re8 12. Qg3 d5 13. Bh6 g6
14. exd5 Rxe1+ 15. Rxe1 Bf5 16. Qg5 Nxd5 17. Nxd5 Qd6 18. Ne7+ Kh8 19. Rd1
Qxd1+ 20. Kh2 Qd6+ 21. Kh1 f6 22. Qc1 Qxe7 23. Qd1 Rd8 24. Qf3 Bxc2 25. Qc3
Rd1+ 26. Kh2 Qd6+ 27. g3 Qc6 28. f3 Qb6 29. Qxc2 Qg1# { White checkmated }
0-1

[Event "ICC tourney 2556 (25 5)"]
[Site "Internet Chess Club"]
[Date "2021.05.08"]
[Round "4"]
[White "BUPESHNATH, ARJUN:K05-15891702"]
[Black "MANIKANDAN, SATHVIK:K05-16940134"]
[Result "1-0"]
[ICCResult "Black checkmated"]
[WhiteElo "1035"]
[BlackElo "582"]
[Opening "French: Winawer (Nimzovich) variation"]
[ECO "C15"]
[NIC "FR.08"]
[Time "17:32:09"]
[PlyCount "67"]
[TimeControl "1500+5"]

1. e4 e6 2. d4 d5 3. Nc3 Bb4 4. Bd3 Nc6 5. Nf3 Bd7 6. O-O dxe4 7. Nxe4 Nf6
8. Bg5 Be7 9. Bf4 Nxe4 10. Bxe4 Bd6 11. Qd2 Qf6 12. Bg5 Bb4 13. c3 Qxg5 14.
Qxg5 Be7 15. Qxg7 Rf8 16. Qxh7 e5 17. dxe5 Be6 18. Bxc6+ bxc6 19. Qe4 Bd5
20. Qe3 f6 21. exf6 Rxf6 22. Nd4 Kd7 23. Rfe1 Bd6 24. Qh3+ Kd8 25. Qh8+ Rf8
26. Qh6 Rg8 27. g3 Kd7 28. b3 Raf8 29. Re2 c5 30. Nb5 Bf3 31. Ree1 Be7 32.
Qe6+ Kd8 33. Qxe7+ Kc8 34. Qxc7# { Black checkmated } 1-0

[Event "ICC tourney 2556 (25 5)"]
[Site "Internet Chess Club"]
[Date "2021.05.08"]
[Round "4"]
[White "BERTI, ANDREW:K05-16787803"]
[Black "ROY, AYUSH:K05-16710940"]
[Result "1/2-1/2"]
[ICCResult "Game drawn by mutual agreement"]
[WhiteElo "1222"]
[BlackElo "1548"]
[Opening "Sicilian defense"]
[ECO "B30"]
[NIC "SI.31"]
[Time "17:33:55"]
[PlyCount "81"]
[TimeControl "1500+5"]

1. e4 c5 2. Nf3 Nc6 3. c3 e6 4. d4 cxd4 5. cxd4 d5 6. e5 Bb4+ 7. Nc3 Nge7
8. Be2 Bd7 9. Bd2 O-O 10. O-O Nf5 11. Bg5 Qa5 12. Nb5 a6 13. a3 axb5 14.
axb4 Qxb4 15. Be3 Rxa1 16. Qxa1 Ncxd4 17. Nxd4 Nxd4 18. Bd3 Nf5 19. Bxf5
exf5 20. Rc1 Bc6 21. Bc5 Qe4 22. Bxf8 Kxf8 23. Qa8+ Ke7 24. Qa3+ b4 25. Qe3
Qxe3 26. fxe3 Ke6 27. Kf2 Kxe5 28. Ke2 Ke4 29. Rd1 Bb5+ 30. Kf2 Ke5 31. Rd4
Bc4 32. Rh4 h6 33. g4 f4 34. Kf3 fxe3 35. Kxe3 b5 36. Rh5+ Ke6 37. Kd4 f6
38. Rh3 Kd6 39. Re3 b3 40. Re8 g5 41. Re3 { Game drawn by mutual agreement
} 1/2-1/2

[Event "ICC tourney 2556 (25 5)"]
[Site "Internet Chess Club"]
[Date "2021.05.08"]
[Round "4"]
[White "HAN WU, SEAN:K05-16802870"]
[Black "GU LIN, BENJAMIN:K05-15976160"]
[Result "0-1"]
[ICCResult "White checkmated"]
[WhiteElo "1046"]
[BlackElo "1496"]
[Opening "Scotch: Mieses variation"]
[ECO "C45"]
[NIC "SO.04"]
[Time "17:32:15"]
[PlyCount "76"]
[TimeControl "1500+5"]

1. e4 e5 2. Nf3 Nc6 3. d4 exd4 4. Nxd4 Nf6 5. Nxc6 bxc6 6. e5 Nd5 7. c4 Nb6
8. Nc3 Bb4 9. Bd2 O-O 10. Bd3 d6 11. exd6 cxd6 12. O-O Nd7 13. Re1 Ne5 14.
Bf1 Bf5 15. h3 Re8 16. Re3 Ng6 17. Rxe8+ Qxe8 18. Qf3 Be6 19. Re1 Qd7 20.
Qg3 Ne5 21. Re4 Bf5 22. Re1 Re8 23. a3 Ba5 24. b4 Bc7 25. Bf4 Nf3+ 26. Qxf3
Rxe1 27. c5 dxc5 28. Bxc7 Bd3 29. Kh2 Qxc7+ 30. g3 Bxf1 31. bxc5 Bc4 32.
Qg4 Bd5 33. f3 Re3 34. Nxd5 cxd5 35. Qd4 Re2+ 36. Kh1 Qxg3 37. Qg1 Qxh3+
38. Qh2 Qxh2# { White checkmated } 0-1

[Event "ICC tourney 2556 (25 5)"]
[Site "Internet Chess Club"]
[Date "2021.05.08"]
[Round "4"]
[White "LINGISHETTY, ISHAAN:K05-16449486"]
[Black "ARORA, RANBEER:K05-15760434"]
[Result "0-1"]
[ICCResult "White checkmated"]
[WhiteElo "1019"]
[BlackElo "1521"]
[Opening "Sicilian: Pelikan (Lasker/Sveshnikov) variation"]
[ECO "B33"]
[NIC "SI.35"]
[Time "17:32:32"]
[PlyCount "82"]
[TimeControl "1500+5"]

1. e4 c5 2. Nf3 Nc6 3. d4 cxd4 4. Nxd4 Nf6 5. Nc3 e5 6. Nxc6 bxc6 7. Bg5 d6
8. Bc4 Bd7 9. O-O Be7 10. h3 O-O 11. Bxf6 Bxf6 12. Qxd6 Qe7 13. Rad1 Be6
14. Qxe7 Bxe7 15. Bb3 Bxb3 16. cxb3 Rad8 17. a4 c5 18. Nd5 Bg5 19. Rfe1 Rb8
20. Rd3 Bh6 21. Ne7+ Kh8 22. Nc6 Rb7 23. Nxe5 f6 24. Nc4 g6 25. e5 fxe5 26.
Rxe5 Rbf7 27. f3 Bf4 28. Rxc5 Re7 29. Kf1 Rfe8 30. Rd1 Be3 31. Rc6 Bf4 32.
Kf2 Re2+ 33. Kf1 Bg3 34. Ne5 R8xe5 35. Rc8+ Kg7 36. Rcc1 Rf2+ 37. Kg1 Ree2
38. Rd7+ Kh6 39. Rdd1 Rxg2+ 40. Kf1 Ref2+ 41. Ke1 Rg1# { White checkmated }
0-1

[Event "ICC tourney 2556 (25 5)"]
[Site "Internet Chess Club"]
[Date "2021.05.08"]
[Round "4"]
[White "LUKOSE, JAMES:K05-16437200"]
[Black "KRISHNAN, ASHVATH:K05-30042119"]
[Result "0-1"]
[ICCResult "White checkmated"]
[WhiteElo "885"]
[BlackElo "1226"]
[Opening "Queen's pawn game"]
[ECO "D04"]
[NIC "QP.08"]
[Time "17:34:16"]
[PlyCount "116"]
[TimeControl "1500+5"]

1. d4 d5 2. Nf3 Nf6 3. e3 Nc6 4. c4 e6 5. Nc3 Be7 6. Be2 O-O 7. O-O Re8 8.
b3 Bb4 9. Bb2 Bxc3 10. Bxc3 Ne4 11. Qd3 Ne7 12. Nd2 Nxc3 13. Qxc3 b6 14.
Bf3 Bb7 15. cxd5 exd5 16. e4 dxe4 17. Bxe4 Bxe4 18. Nxe4 Nd5 19. Qd3 Nb4
20. Qc4 Rxe4 21. Qxb4 Rxd4 22. Qc3 Rc8 23. Rfe1 h6 24. g3 c5 25. Qc2 Qf6
26. Rad1 Rxd1 27. Rxd1 Rd8 28. Kg2 g6 29. Rxd8+ Qxd8 30. Qe2 Qd5+ 31. Qf3
Qxf3+ 32. Kxf3 Kf8 33. Ke4 Ke7 34. Ke5 f6+ 35. Kd5 Kd7 36. f4 f5 37. h4 h5
38. Ke5 Kc6 39. Kf6 b5 40. Kxg6 c4 41. Kxf5 c3 42. Ke4 c2 43. f5 c1=Q 44.
f6 Kd6 45. f7 Ke7 46. f8=Q+ Kxf8 47. Ke5 Qe3+ 48. Kf5 Qxg3 49. Ke4 Qxh4+
50. Kf5 Qg4+ 51. Ke5 h4 52. Kf6 h3 53. b4 Qh5 54. a3 h2 55. a4 h1=Q 56.
axb5 Q1f3+ 57. Ke6 Qhf7+ 58. Kd6 Q3d5# { White checkmated } 0-1

[Event "ICC tourney 2556 (25 5)"]
[Site "Internet Chess Club"]
[Date "2021.05.08"]
[Round "4"]
[White "CLARO, LUKE:K05-30079195"]
[Black "KISHOR MANE, ARNAV:K05-16881843"]
[Result "0-1"]
[ICCResult "White checkmated"]
[WhiteElo "931"]
[BlackElo "1316"]
[Opening "Sicilian, Chekhover variation"]
[ECO "B53"]
[NIC "SI.02"]
[Time "17:31:53"]
[PlyCount "116"]
[TimeControl "1500+5"]

1. e4 c5 2. Nf3 d6 3. d4 cxd4 4. Qxd4 Nc6 5. Bb5 Bd7 6. Bxc6 bxc6 7. e5 Qb6
8. exd6 Qxd4 9. Nxd4 exd6 10. O-O Be7 11. Re1 Nf6 12. Nc3 h6 13. Bf4 Kd8
14. Rad1 Nh5 15. Bg3 Nxg3 16. fxg3 d5 17. Re3 Re8 18. Rde1 Bc5 19. Rxe8+
Bxe8 20. Ne2 Rb8 21. b3 Bd7 22. Kh1 Kc7 23. Rf1 Re8 24. h3 f6 25. c3 Bd6
26. c4 dxc4 27. Nf4 Bxf4 28. gxf4 cxb3 29. axb3 c5 30. Rc1 Kb6 31. Nf3 Be6
32. Nd2 Rd8 33. Nc4+ Bxc4 34. bxc4 Kc7 35. Ra1 Ra8 36. Re1 Kd7 37. Rd1+ Kc7
38. Rd5 Kc6 39. g4 Re8 40. f5 Re1+ 41. Kg2 Rc1 42. Rd2 Rxc4 43. Ra2 Kb6 44.
Rb2+ Rb4 45. Re2 Ka5 46. Re7 Rb2+ 47. Kg3 Rb3+ 48. Kh4 c4 49. Rxa7+ Kb4 50.
Rxg7 c3 51. Rc7 Rb2 52. Rc6 c2 53. Rxf6 c1=Q 54. Rg6 Rb3 55. Rb6+ Ka3 56.
Ra6+ Kb2 57. Rg6 Qe3 58. Rxh6 Qxh6# { White checkmated } 0-1

[Event "ICC tourney 2556 (25 5)"]
[Site "Internet Chess Club"]
[Date "2021.05.08"]
[Round "4"]
[White "SKOCZYLAS, ALEXANDER:K05-16503528"]
[Black "BANG, ADITYA:K05-16841804"]
[Result "0-1"]
[ICCResult "White checkmated"]
[WhiteElo "1001"]
[BlackElo "1428"]
[Opening "French: advance, Paulsen attack"]
[ECO "C02"]
[NIC "FR.03"]
[Time "17:34:36"]
[PlyCount "146"]
[TimeControl "1500+5"]

1. e4 e6 2. d4 d5 3. e5 c5 4. c3 Nc6 5. Nf3 f6 6. Bb5 Qb6 7. Bxc6+ Qxc6 8.
O-O Be7 9. Re1 a6 10. Bf4 c4 11. Nbd2 f5 12. b3 b5 13. bxc4 bxc4 14. h3 Bd8
15. Nf1 Ne7 16. Ne3 O-O 17. Nc2 Ng6 18. Nb4 Qc7 19. Bh2 Be7 20. a3 Bd7 21.
Qd2 a5 22. Nc2 h6 23. Kh1 Nh8 24. Ng1 Nf7 25. Re3 Ng5 26. Rg3 Ne4 27. Qe3
f4 28. Rxg7+ Kxg7 29. Bxf4 Rxf4 30. Qxf4 Bg5 31. Qf3 Rf8 32. Qe2 Rxf2 33.
Qg4 h5 34. Qd1 Ng3+ 35. Kh2 Ne4 36. Nf3 Bf4+ 37. Kg1 Nxc3 38. Qe1 Rxc2 39.
Qh4 Ne2+ 40. Kh1 Ng3+ 41. Kg1 Be3+ 42. Kh2 Nf5 43. Qxh5 Bf4+ 44. Kg1 Qd8
45. Qg4+ Kh6 46. Qxf4+ Kh7 47. Ng5+ Kg8 48. Nf3 Qe7 49. Qg4+ Qg7 50. Qxg7+
Kxg7 51. Re1 Rc3 52. Kf2 Rxa3 53. g4 Rxf3+ 54. Kxf3 Nxd4+ 55. Kf4 c3 56. h4
c2 57. Ke3 Nb3 58. h5 c1=Q+ 59. Rxc1 Nxc1 60. Kf4 Nd3+ 61. Kg5 Nxe5 62. h6+
Kh7 63. Kh5 Ng6 64. g5 a4 65. Kg4 a3 66. Kh5 a2 67. Kg4 a1=Q 68. Kh5 Qf1
69. Kg4 e5+ 70. Kg3 Qf4+ 71. Kg2 Nh4+ 72. Kg1 Qf3 73. Kh2 Qg2# { White
checkmated } 0-1

[Event "ICC tourney 2556 (25 5)"]
[Site "Internet Chess Club"]
[Date "2021.05.08"]
[Round "4"]
[White "MEHTA, KHUSH:K05-16425411"]
[Black "ENRIQUEZ, EULALIO:K05-16621387"]
[Result "1/2-1/2"]
[ICCResult "Game drawn because neither player has mating material"]
[WhiteElo "579"]
[BlackElo "1071"]
[Opening "Sicilian defense"]
[ECO "B30"]
[NIC "SI.31"]
[Time "17:37:11"]
[PlyCount "146"]
[TimeControl "1500+5"]

1. e4 c5 2. Nf3 Nc6 3. Nc3 Nf6 4. d3 e5 5. Be3 Nd4 6. Bxd4 exd4 7. Nd5 Nxd5
8. exd5 Qe7+ 9. Qe2 Qxe2+ 10. Bxe2 d6 11. O-O Bg4 12. Rfe1 Be7 13. c3 dxc3
14. bxc3 O-O 15. d4 Bxf3 16. Bxf3 Rfe8 17. Re2 cxd4 18. cxd4 Rac8 19. h3
Bf6 20. Rae1 Rxe2 21. Rxe2 Bxd4 22. Be4 Be5 23. g3 b5 24. Bf5 Re8 25. Bd7
Re7 26. Bxb5 f5 27. f4 Bd4+ 28. Kg2 Rxe2+ 29. Bxe2 a5 30. Kf1 a4 31. Ke1 a3
32. Kd2 Bf2 33. g4 fxg4 34. hxg4 Bg3 35. f5 Bf4+ 36. Kc3 g6 37. fxg6 hxg6
38. Kb3 Bc1 39. Kc2 Bb2 40. Bd3 Kf7 41. Kd2 g5 42. Ke3 Kf6 43. Kf3 Ke5 44.
Bc4 Kd4 45. Bb3 Kc3 46. Ke4 Kd2 47. Kf5 Kd3 48. Kxg5 Ke4 49. Kh5 Ke5 50. g5
Kf5 51. Kh6 Ke5 52. g6 Kf6 53. Kh5 Ke7 54. Kh6 Kf8 55. Kg5 Kg7 56. Kf5 Bf6
57. Ke6 Kxg6 58. Kxd6 Kf7 59. Kc6 Be7 60. d6+ Kf8 61. dxe7+ Kxe7 62. Kb5
Kd6 63. Kb4 Kc6 64. Kxa3 Kb6 65. Kb4 Ka6 66. a4 Ka7 67. a5 Ka6 68. Bc4+ Kb7
69. a6+ Ka7 70. Kb5 Ka8 71. Bd5+ Ka7 72. Ka5 Kb8 73. a7+ Kxa7 { Game drawn
because neither player has mating material } 1/2-1/2